 Dungeon Crawl Stone Soup version 0.28.0-45-g0d030f2227 (webtiles) character file.

Game seed: 8063598597633770794

349 zeratav the Insei (level 6, -5/41 HPs)
             Began as an Octopode Transmuter on Apr 14, 2022.
             Was an Initiate of Gozag.
             Slain by a scorpion (7 damage)
             ... on level 4 of the Dungeon.
             The game lasted 00:05:47 (4019 turns).

zeratav the Insei (Octopode Transmuter)             Turns: 4019, Time: 00:05:47

Health: -5/41      AC:  1    Str: 10    XL:     6   Next: 60%
Magic:  6/9        EV: 14    Int: 15    God:    Gozag
Gold:   72         SH:  0    Dex: 14    Spells: 5/9 levels left

rFire   . . .      SeeInvis .   j - +2 halberd (protect) {polearm}
rCold   . . .      Faith    .   (shield currently unavailable)
rNeg    . . .      Spirit   .   (helmet restricted)
rPois   .          Reflect  .   (no amulet)
rElec   .          Harm     .   (no ring)
rCorr   .          Rampage  .   (no ring)
Will    .....                   (no ring)
Stlth   +++.......              (no ring)
HPRegen 0.13/turn               (no ring)
MPRegen 0.11/turn               (no ring)
                                (no ring)
                                (no ring)

@: lethally poisoned (-5 -> -8), very slightly contaminated
A: almost no armour, amphibious, 8 rings, camouflage 1, gelatinous body 1,
(nimble swimmer 1), tentacles
a: Renounce Religion, Potion Petition, Call Merchant, Bribe Branch


You were on level 4 of the Dungeon.
You worshipped Gozag.
Gozag was noncommittal.
You visited 2 branches of the dungeon, and saw 5 of its levels.

You collected 105 gold pieces.
You paid 33 gold pieces to Gozag.


Innate Abilities, Weirdness & Mutations

You cannot wear most types of armour.
You are amphibious.
You can wear up to eight rings at the same time.
Your skin changes colour to match your surroundings (Stealth+).
Your rubbery body absorbs attacks. (AC +1, EV +1)
((You are camouflaged when in or above water. (Stealth+)))
You have tentacles for arms and can constrict up to eight enemies at once.


   Skills:
 + Level 2.9 Fighting
 + Level 3.3 Dodging
 + Level 3.8 Stealth
 * Level 5.1 Unarmed Combat
 - Level 2.0 Spellcasting
 - Level 2.0 Transmutations


You had 5 spell levels left.
You knew the following spells:

 Your Spells              Type           Power      Damage    Failure   Level
a - Beastly Appendage     Tmut           14%        N/A       10%         1
b - Spider Form           Tmut/Pois      4%         N/A       41%         3

Your spell library contained the following spells:

 Spells                   Type           Power      Damage    Failure   Level
 Wereblood                Tmut           7%         N/A       14%         2
 Ice Form                 Ice/Tmut       4%         N/A       82%         4

Inventory:

Hand Weapons
 j - a +2 halberd of protection (weapon) {polearm}
   (You took it off a gnoll on level 3 of the Dungeon)
Missiles
 l - 5 curare-tipped darts {=fthrowing}
Wands
 m - a wand of acid (5)
   (You found it on level 4 of the Dungeon)
Scrolls
 b - a scroll of identify {unknown}
 e - 3 scrolls of teleportation {unknown}
 f - 2 scrolls of holy word {unknown}
 h - a scroll of fear {unknown}
 k - a scroll of summoning {unknown}
Potions
 a - a potion of mutation {unknown}
 c - a potion of resistance {unknown}
 d - a potion of berserk rage {unknown}
 g - a potion of lignification {unknown}
 i - a potion of haste {unknown}

Dungeon Overview and Level Annotations

Branches:
Dungeon (4/15)             Temple (1/1) D:4

Altars:
Ashenzari
Cheibriados
Dithmenos
Gozag
Hepliaklqana
Makhleb
Nemelex Xobeh
Okawaru
Ru
Sif Muna
Trog
Uskayaw
Wu Jian
Xom
Zin

Annotations:
D:3 1 runed translucent door, seaoflcl's ghost, amateur HuFi

#..## ... ##...## ...
##.....### #...
####........# #....
##.....(......#
#....###........######
#......s..#...##
#....)..#s..##
##......#@..#
#......#...#
##....###..# ######
#..# ##.# ###


You could see a scorpion.


Message History

You squeeze the adder skeleton. You constrict Edmund.
You constrict the adder skeleton. The adder skeleton closely misses you.
Edmund hits you with a +4 flail of protection.
The adder skeleton bites you but does no damage.
Edmund barely misses you.
HP[-6]
You take 6 damage, and now have 22/41 hp.
You barely miss the adder skeleton. You constrict Edmund, but do no damage.
You constrict the adder skeleton. The adder skeleton barely misses you.
Edmund closely misses you. The adder skeleton closely misses you.
You puncture Edmund! You squeeze Edmund. You constrict Edmund.
You constrict the adder skeleton. Edmund hits you but does no damage.
The adder skeleton bites you but does no damage.
Edmund says, "People think my brother is the best.
I think he's crazy."
Edmund hits you with a +4 flail of protection!
* * * LOW HITPOINT WARNING * * *
HP[-10]
You take 10 damage, and now have 12/41 hp.
MASSIVE DAMAGE!! (PAUSE)
You hit Edmund but do no damage. You constrict Edmund.
You constrict the adder skeleton. The adder skeleton bites you.
* * * LOW HITPOINT WARNING * * *
Edmund misses you. The adder skeleton closely misses you.
HP[-1]
You take 1 damage, and now have 11/41 hp.
You hit Edmund but do no damage. You squeeze Edmund. You constrict Edmund!
You constrict the adder skeleton.
You destroy the adder skeleton!
Edmund hits you with a +4 flail of protection.
* * * LOW HITPOINT WARNING * * *
A giant cockroach comes into view.
Edmund hits you with a +4 flail of protection.
* * * LOW HITPOINT WARNING * * *
HP[-8]
You take 8 damage, and now have 3/41 hp.
You slash Edmund!
You kill Edmund!
Your Unarmed Combat skill increases to level 5!
Unknown command.
Reach: j) +2 halberd (protect) {polearm}
Press: ? - help, Dir - move target, f - giant cockroach
Aim: a giant cockroach (about 46% to evade your +2 halberd of protection)
You reach to attack!
You completely miss the giant cockroach.
The giant cockroach closely misses you.
You barely miss the giant cockroach. Your grab misses the giant cockroach.
You tentacle-slap the giant cockroach.
The giant cockroach bites you but does no damage.
The giant cockroach barely misses you.
You closely miss the giant cockroach. You grab the giant cockroach.
You constrict the giant cockroach, but do no damage.
The giant cockroach closely misses you. The giant cockroach barely misses you.
HP[+1]
You puncture the giant cockroach!
Your weapon exudes an aura of protection.
You kill the giant cockroach!
You now have 61 gold pieces (gained 16).
Things that are here:
a +4 flail of protection {mace}; a +1 ring mail of cold resistance You now have 68 gold pieces (gained 7).
HP[+1]
You now have 72 gold pieces (gained 4).
e - 2 scrolls labelled LIDWEITOIGE (gained 1) HP[+1]
e - 3 scrolls labelled LIDWEITOIGE (gained 1)
You start resting.
A scorpion comes into view.
HP[+12]
You regained 12 hp, and now have 18/41 hp.
HP[+1]
You start resting.
A scorpion is nearby!
This spell is quite dangerous to cast!
Memorise Spider Form, consuming 3 spell levels and leaving 5?
You start memorising the spell.
You continue memorising. x3
You finish memorising.
Spell assigned to 'b'.
HP[+1]
Casting: Beastly Appendage (safe; 10% risk of failure)
Confirm with . or Enter, or press ? or * to list all spells.
The spell is quite dangerous to miscast (41% risk of failure)!
Continue anyway?
You miscast Spider Form.
You are very lightly contaminated with residual magic.
You feel incredibly sick!
You are poisoned.
* * * LOW HITPOINT WARNING * * *
x2 You feel sick.
HP[-17] MP[-3]
You take 17 damage, and now have 3/41 hp.
MASSIVE DAMAGE!! (PAUSE)
You lost 3 mp, and now have 6/9 mp.
Okay, then.
You need at least 400 gold to purchase potions right now!
Really renounce your faith, foregoing its fabulous benefits?
Are you sure?
Okay, then.
You barely miss the scorpion. Your grab misses the scorpion.
* * * LOW HITPOINT WARNING * * *
You feel sick. The scorpion misses you. The scorpion stings you!
You die...
Your body crumbles into a pile of gold.

Skill      XL: |  1  2  3  4  5  6 |
---------------+-------------------+-----
Stealth        | 1 2 3 |  3.8
Fighting       | 2 |  2.9
Unarmed Combat | 4 5 |  5.1
Dodging        | 3 |  3.3
Spellcasting   | |  2.0
Transmutations | |  2.0

Action                   |  1- 3 |  4- 6 || total
-------------------------+-------+-------++-------
Melee: Unarmed           |    86 |    13 ||    99
       Kick              |    28 |     9 ||    37
       Constrict         |    23 |    14 ||    37
       Punch             |     2 |     4 ||     6
       Tentacles         |    15 |     9 ||    24
       Halberd           |       |    56 ||    56
 Cast: Beastly Appendage |    34 |    15 ||    49
 Stab: Sleeping          |    12 |     7 ||    19
Armor: Skin              |     5 |    14 ||    19
Dodge: Dodged            |    50 |    51 ||   101

Levels and vault maps discovered:
D:1:      lightli_arrival_chessboard, layout_loops_ring, chequers_arboretum,
          corexii_leaking_fountain
D:2:      layout_basic, minmay_misc_feat_roman, corexii_hall_statues_deadend,
          minmay_misc_feat_more_columns, minmay_misc_feat_iff,
          minmay_misc_feat_enclosed
D:3:      layout_rooms, ebering_ghost_reflecting_pool,
          hellmonk_ecumenical_altar_pennies_from_heaven, st_stairs_3
D:4:      layout_layer_cave, minitemple, temple_green, uniq_edmund, uniq_robin
Temple:   nicolae_temple_no_exploring_needed

Notes
Turn   | Place    | Note
-------+----------+-------------------------------------------
     0 | D:1      | zeratav the Octopode Transmuter began the quest for the
                  | Orb.
     0 | D:1      | Reached XP level 1. HP: 13/13 MP: 3/3
     0 | D:1      | magus.rc [v1.9.6]
   268 | D:1      | Reached XP level 2. HP: 18/18 MP: 3/5
   333 | D:1      | Reached skill level 1 in Stealth
   846 | D:1      | Reached XP level 3. HP: 16/23 MP: 4/6
  2543 | D:3      | Found a faded altar of an unknown god.
  2630 | D:3      | Reached skill level 2 in Stealth
  2636 | D:3      | Reached XP level 4. HP: 28/29 MP: 7/7
  2775 | D:3      | Reached skill level 2 in Fighting
  2775 | D:3      | Reached skill level 4 in Unarmed Combat
  3055 | D:3      | Found a runed translucent door.
  3056 | D:3      | Noticed seaoflcl's ghost (amateur HuFi)
  3498 | D:3      | Reached XP level 5. HP: 32/34 MP: 8/8
  3699 | D:4      | Noticed Edmund
  3761 | D:4      | Reached skill level 3 in Dodging
  3761 | D:4      | Reached skill level 3 in Stealth
  3803 | D:4      | Found a staircase to the Ecumenical Temple.
  3815 | Temple   | Entered the Ecumenical Temple
  3835 | Temple   | Became a worshipper of Gozag Ym Sagoz the Greedy
  3878 | D:4      | Reached XP level 6. HP: 41/41 MP: 9/9
  3887 | D:4      | HP: 9/41 [Edmund/+4 flail of protection (3)]
  3887 | D:4      | HP: 3/41 [Edmund/+4 flail of protection (6)]
  3888 | D:4      | Killed Edmund
  3889 | D:4      | Reached skill level 5 in Unarmed Combat
  4018 | D:4      | Learned a level 3 spell: Spider Form
  4018 | D:4      | HP: 5/41 [something (15)]
  4019 | D:4      | HP: 2/41 [poisoned by miscasting Spider Form]
  4019 | D:4      | Slain by a scorpion

Vanquished Creatures
  Edmund (D:4)
  A howler monkey (D:4)
  A jelly (D:4)
  A bullfrog skeleton (D:4)
  4 gnolls (D:3)
  An adder (D:3)
  An ufetubus (D:3)
  An adder skeleton (D:4)
  A worm (D:2)
  2 dart slugs
  An orc (D:3)
  3 endoplasms
  4 giant cockroaches
  9 goblins
  5 hobgoblins
  5 jackals (D:1)
  7 kobolds
  3 quokkas
  9 ball pythons
  3 bats
  6 frilled lizards
  6 rats
75 creatures vanquished.

Table legend:
 A = Non-vault XP
 B = Vault XP
 C = Vault XP percentage of total XP
 D = Non-vault monster count
 E = Vault monster count
 F = Vault count percentage of total count
                 A         B        C        D         E       F
            +---------+---------+-------+---------+---------+-------
      Total |     328 |     171 |  34.3 |      71 |       4 |   5.3
            +---------+---------+-------+---------+---------+-------
        D:1 |      46 |       0 |   0.0 |      27 |       0 |   0.0
        D:2 |      30 |       0 |   0.0 |      17 |       0 |   0.0
        D:3 |      99 |       5 |   4.8 |      18 |       3 |  14.3
        D:4 |     153 |     166 |  52.0 |       9 |       1 |  10.0
            +---------+---------+-------+---------+---------+-------

Illustrated notes

Table legend:
 A = Kills in this place as a percentage of kills in entire the game.
 B = Kills by you in this place as a percentage of kills by you in the entire game.
 C = Kills by friends in this place as a percentage of kills by friends in the entire game.
 D = Other kills in this place as a percentage of other kills in the entire game.
 E = Experience gained in this place as a percentage of experience gained in the entire game.
 F = Experience gained in this place divided by the number of levels of this place that you have seen.
                   A       B       C       D       E      F
               +-------+-------+-------+-------+-------+----------------------
         Total | 100.0 | 100.0 |   N/A |   N/A | 100.0 |  99.8
       Dungeon | 100.0 | 100.0 |   N/A |   N/A | 100.0 | 124.8
               +-------+-------+-------+-------+-------+----------------------

Table legend: (Time is in decaauts)
 A = Elapsed time spent in this place.
 B = Non-inter-level travel time spent in this place.
 C = Inter-level travel time spent in this place.
 D = Time resting spent in this place.
 E = Time spent auto-exploring this place.
 F = Levels seen in this place.
 G = Mean time per level.
                   A        B        C        D        E       F      G
               +--------+--------+--------+--------+--------+-----+--------+
         Total |   4041 |   3919 |    122 |    911 |   2421 |   5 |  808.2 |
       Dungeon |   4013 |   3914 |     99 |    911 |   2421 |   4 | 1003.2 |
        Temple |     27 |      5 |     22 |      0 |      0 |   1 |   27.0 |
               +--------+--------+--------+--------+--------+-----+--------+

Top non-repeatable levels by time:
     D:2: 1379 daAuts
     D:1: 1229 daAuts
     D:3: 1111 daAuts
     D:4: 293 daAuts
  Temple: 27 daAuts
